 Dungeon Sprint DCSS version 0.24-a0-249-g2af7e83 (webtiles) character file.

Game seed: 2844364467360875680

2595 Krakonus1 the Ninja (level 9, -11/41 HPs)
             Began as a Spriggan Assassin on Apr 13, 2019.
             Was a Priest of Dithmenos.
             Mangled by a seven-headed hydra (13 damage)
             ... in the Dungeon (Sprint IX: "|||||||||||||||||||||||||||||").
             The game lasted 00:10:13 (3952 turns).

Krakonus1 the Ninja (Spriggan Assassin)             Turns: 3952, Time: 00:10:14

Health: -11/41     AC:  3    Str: 10    XL:     9   Next: 33%
Magic:  7/10       EV: 17    Int: 16    God:    Dithmenos [***...]
Gold:   0          SH:  0    Dex: 20    Spells: 8/8 levels left

rFire    . . .     SeeInvis +   C - +2 rapier "Aricvurph" {pierce, rC++}
rCold    + + .     Gourm    .   (shield restricted)
rNeg     . . .     Faith    .   c - +0 robe
rPois    .         Spirit   .   (helmet restricted)
rElec    .         Reflect  .   d - +0 cloak
rCorr    .         Harm     .   (gloves unavailable)
MR       +....     NoTele   +   (boots unavailable)
Stlth    ++++++++++             (no amulet)
HPRegen  0.13/turn              t - +3 ring of strength
MPRegen  0.12/turn              u - +3 ring of intelligence

@: wreathed by umbra, very quick
A: very small, unfitting armour, see invisible, herbivore, speed 3, slow
metabolism 2
a: Shadow Step, Renounce Religion


You were in the Dungeon.
You worshipped Dithmenos.
Dithmenos was most pleased with you.
You were hungry.

You visited 1 branch

Inventory:

Hand Weapons
 a - a +2 dagger
 b - a +0 blowgun
 i - a +2 trident of protection
 n - a +0 short sword
 y - a +1 broad axe of electrocution
 A - the +2 morningstar "Arbiter" {freeze, Int+3}
   (You found it in the Dungeon)

   It has been specially enchanted to freeze those struck by it, causing extra
   injury to most foes and up to half again as much damage against particularly
   susceptible opponents.
   It can also slow down cold-blooded creatures.
   It affects your intelligence (+3).
 B - a +4 quarterstaff of speed
 C - the +2 rapier "Aricvurph" (weapon) {pierce, rC++}
   (You found it in the Dungeon)

   It inflicts extra damage upon your enemies.
   It greatly protects you from cold.
 D - a +2 scimitar of flaming
Missiles
 e - 8 poisoned needles
 f - 2 curare-tipped needles
 r - 5 tomahawks (quivered)
 G - 30 arrows
Armour
 c - a +0 robe (worn)
 d - a +0 cloak (worn)
 x - a +0 cloak
 F - a +0 robe
Magical Staves
 E - an uncursed staff of energy
Jewellery
 t - a +3 ring of strength (left hand)
 u - a +3 ring of intelligence (right hand)
Wands
 s - a wand of acid (10)
Scrolls
 p - 3 scrolls of remove curse
 q - 2 scrolls of amnesia
 H - 2 scrolls of enchant armour
 J - a scroll of fear
 K - 2 scrolls of enchant weapon
Potions
 h - 4 potions of curing
 j - a potion of haste
 k - 4 potions of magic
 l - 2 potions of berserk rage
 m - a potion of invisibility
 o - 3 potions of heal wounds
 v - a potion of agility
 w - a potion of might
 z - a potion of brilliance
Comestibles
 g - 2 rations


   Skills:
 - Level 1.5 Fighting
 + Level 7.5 Short Blades
 - Level 2.0 Throwing
 - Level 1.5 Dodging
 O Level 27 Stealth


You had 8 spell levels left.
You didn't know any spells.
Your spell library was empty.

Dungeon Overview and Level Annotations

Branches:
Dungeon (1/1)

Altars:
Cheibriados
Dithmenos
Elyvilon
Fedhas
Gozag
Hepliaklqana
Kikubaaqudgha
Makhleb
Nemelex Xobeh
Okawaru
Qazlal
Ru
Sif Muna
Trog
Uskayaw
Vehumet
Wu Jian
Xom
Yredelemnul
Zin
The Shining One
Beogh
Jiyva
Lugonu


Innate Abilities, Weirdness & Mutations

You are very small and have problems with some larger weapons.
You are too small for most types of armour.
You have supernaturally acute eyesight. (SInv)
You are a herbivore.
You cover ground extremely quickly.
You need to consume almost no food.


Message History

As you open the door, it creaks loudly!
There is an open door here.
You see here a blink frog corpse.
The hippogriff is too close now for your liking.
A hippogriff is nearby!
Aiming: Shadow Step
Press: ? - help, Dir - move target cursor, f - hippogriff
Aim: a hippogriff (hasn't noticed you, umbra)
You step into the hippogriff's shadow.
You barely miss the hippogriff.
The hippogriff screeches!
The hippogriff bites you. The hippogriff barely misses you.
The hippogriff misses you.
A seven-headed hydra comes into view.
The seven-headed hydra bites you! x2
The seven-headed hydra barely misses you.
The seven-headed hydra misses you. The seven-headed hydra bites you!
* * * LOW HITPOINT WARNING * * *
The seven-headed hydra misses you. The seven-headed hydra bites you!
You die...

▓▓▓▓▓▓▓
▓<▓...▓
▓.▓.▓.▓
▓.▓.▓.▓
▓.▓.▓.▓
▓÷▓.▓@▓
▓.▓.▓D▓
▓.▓.▓.▓
▓.▓H▓'▓
▓.▓.▓.▓
▓.▓.▓.▓
▓'▓.▓.▓
▓.▓.▓.▓
▓.▓.▓.▓


You could see a seven-headed hydra.

Vanquished Creatures
  2 deep elf magi (D)
  An ugly thing (D)
  A komodo dragon (D)
  A blink frog (D)
  A yak (D)
  A hungry ghost (D)
  A water moccasin (D)
  An orc warrior (D)
  2 sky beasts (D)
  4 bullfrogs (D)
  A jelly (D)
  An iguana (D)
  An adder (D)
  A shadow imp (D)
  A dart slug (D)
  An orc (D)
  2 bat skeletons (D)
  A giant cockroach (D)
  2 kobolds (D)
  A frilled lizard (D)
  A rat (D)
28 creatures vanquished.

Notes
Turn   | Place    | Note
-------+----------+-------------------------------------------
     0 | D        | Krakonus1 the Spriggan Assassin began the quest for the
                  | Orb.
     0 | D        | Reached XP level 1. HP: 10/10 MP: 2/2
     5 | D        | Reached skill level 6 in Stealth
     7 | D        | Reached skill level 7 in Stealth
    19 | D        | Reached skill level 8 in Stealth
   164 | D        | Reached skill level 9 in Stealth
   164 | D        | Reached XP level 2. HP: 12/14 MP: 3/3
   183 | D        | Reached skill level 10 in Stealth
   197 | D        | Reached XP level 3. HP: 11/18 MP: 4/4
   357 | D        | Found a roughly hewn altar of Beogh.
   357 | D        | Found a snail-covered altar of Cheibriados.
   357 | D        | Found a shadowy altar of Dithmenos.
   357 | D        | Found a white marble altar of Elyvilon.
   357 | D        | Found a blossoming altar of Fedhas.
   357 | D        | Found an opulent altar of Gozag.
   358 | D        | Found a hazy altar of Hepliaklqana.
   359 | D        | Found a viscous altar of Jiyva.
   360 | D        | Found an ancient bone altar of Kikubaaqudgha.
   361 | D        | Found a corrupted altar of Lugonu.
   362 | D        | Found a burning altar of Makhleb.
   363 | D        | Found a sparkling altar of Nemelex Xobeh.
   364 | D        | Found an iron altar of Okawaru.
   365 | D        | Found a stormy altar of Qazlal.
   366 | D        | Found a sacrificial altar of Ru.
   367 | D        | Found a deep blue altar of Sif Muna.
   368 | D        | Found a bloodstained altar of Trog.
   369 | D        | Found a hide-covered altar of Uskayaw.
   370 | D        | Found a radiant altar of Vehumet.
   371 | D        | Found an ornate altar of the Wu Jian Council.
   372 | D        | Found a shimmering altar of Xom.
   373 | D        | Found a basalt altar of Yredelemnul.
   374 | D        | Found a glowing silver altar of Zin.
   375 | D        | Found a glowing golden altar of the Shining One.
   402 | D        | Became a worshipper of Dithmenos the Shadowed
   448 | D        | Got the +2 morningstar "Arbiter" {freeze, Int+3}
   448 | D        | Got the +2 rapier "Aricvurph" {pierce, rC++}
   463 | D        | Noticed an orc warrior
   463 | D        | Noticed a hungry ghost
   463 | D        | Noticed a bullfrog
   463 | D        | Noticed a sky beast
   465 | D        | Killed an orc warrior
   465 | D        | Reached skill level 14 in Stealth
   465 | D        | Reached XP level 4. HP: 22/22 MP: 5/5
   467 | D        | Killed a hungry ghost
   467 | D        | Reached skill level 17 in Stealth
   467 | D        | Reached XP level 5. HP: 25/25 MP: 6/6
   469 | D        | Reached * piety under Dithmenos
   469 | D        | Reached skill level 18 in Stealth
   469 | D        | Reached XP level 6. HP: 30/30 MP: 7/7
   471 | D        | Reached skill level 19 in Stealth
   481 | D        | meem: I am meem, an upgrade of beem built by MalcolmRose
                  | (check out Malcolm's DCSS vids and other projects at
                  | http://youtube.com/malcolmrosegaming). To have me follow
                  | you in your games, type !subscribemeem - to make me go away
                  | forever, type !quitmeem - For help, type: !meem
   689 | D        | Killed a sky beast
   689 | D        | Reached skill level 20 in Stealth
   696 | D        | Reached ** piety under Dithmenos
   702 | D        | Krakonus1: !subscribemeem
   702 | D        | meem: Subscribed. I will never ban you, give you up, let
                  | you down, run around, or desert you. I will now watch all
                  | games of user Krakonus1
   707 | D        | Noticed a deep elf mage
   707 | D        | Noticed a deep elf mage
   707 | D        | Noticed a cyan ugly thing
   707 | D        | Noticed a sky beast
   709 | D        | Reached skill level 21 in Stealth
   709 | D        | Reached XP level 7. HP: 33/33 MP: 8/8
   711 | D        | Killed a deep elf mage
   711 | D        | Reached skill level 23 in Stealth
   770 | D        | Killed a deep elf mage
   770 | D        | Reached skill level 24 in Stealth
   770 | D        | Reached XP level 8. HP: 21/37 MP: 9/9
   921 | D        | Killed a cyan ugly thing
   921 | D        | Reached *** piety under Dithmenos
   921 | D        | Reached skill level 26 in Stealth
  1411 | D        | Noticed a komodo dragon
  1411 | D        | Noticed a blink frog
  1614 | D        | Noticed a hippogriff
  2021 | D        | Killed a komodo dragon
  2021 | D        | Reached XP level 9. HP: 41/41 MP: 10/10
  2329 | D        | Reached skill level 27 in Stealth
  2371 | D        | Reached **** piety under Dithmenos
  3214 | D        | Reached skill level 5 in Short Blades
  3947 | D        | Noticed a seven-headed hydra
  3952 | D        | HP: 2/41 [seven-headed hydra (12)]
  3952 | D        | Mangled by a seven-headed hydra

Levels and vault maps discovered:
D:        linesprint [early_d, line_temple, items_1, d_10, items_2, lair_1,
          lair_end, items_3, orc_1, orc_end, items_4, d_15, swamp_1, shoals_1,
          snake_1, spider_1, d_20, vaults_1, items_5, swamp_end, shoals_end,
          snake_end, spider_end, vaults_end, d_27, items_6, zot_1, zot_end,
          crypt_end, forest_end, elf_end, slime_end, tomb_end, abyss_end,
          pan_hell_end]

Skill      XL: |  1  2  3  4  5  6  7  8  9 |
---------------+----------------------------+-----
Stealth        | 9 10 14 17 18 21 24 26 27 | 27.0
Short Blades   | 7 |  7.5
Fighting       | |  1.5
Throwing       | |  2.0
Dodging        | |  1.5

Action                   |  1- 3 |  4- 6 |  7- 9 || total
-------------------------+-------+-------+-------++-------
Melee: Dagger            |    44 |       |       ||    44
       Rapier            |     1 |    13 |    51 ||    65
Invok: Shadow Step       |       |       |     4 ||     4
  Use: Scroll            |     1 |     1 |     2 ||     4
       Potion            |     1 |       |     2 ||     3
 Stab: Sleeping          |     3 |     5 |     2 ||    10
       Distracted        |     1 |     1 |     5 ||     7
Armor: Robe              |     4 |       |     4 ||     8
Dodge: Dodged            |    36 |     7 |    38 ||    81

Table legend:
 A = Non-vault XP
 B = Vault XP
 C = Vault XP percentage of total XP
 D = Non-vault monster count
 E = Vault monster count
 F = Vault count percentage of total count
                 A         B        C        D         E       F
            +---------+---------+-------+---------+---------+-------
      Total |       0 |    3708 | 100.0 |       0 |      28 | 100.0
            +---------+---------+-------+---------+---------+-------
          D |       0 |    3708 | 100.0 |       0 |      28 | 100.0
            +---------+---------+-------+---------+---------+-------
